 Dungeon Crawl Stone Soup version 0.29.1-13-g9f3cf754e1 (webtiles) character file.

Game seed: 16170868992004565805

330 bjubeck the Covered (level 6, -2/84 HPs)
             Began as a Minotaur Fighter on Feb 2, 2023.
             Slain by a gnoll
             ... wielding a +0 halberd
             ... led by a gnoll bouda
              (8 damage)
             ... on level 4 of the Dungeon.
             The game lasted 00:09:06 (3683 turns).

bjubeck the Covered (Minotaur Fighter)              Turns: 3683, Time: 00:09:12

Health: -2/84      AC: 23    Str: 20 (22) XL:     6   Next: 26%
Magic:  5/5        EV:  2    Int:  2 (5)  God:
Gold:   190        SH:  6    Dex:  9 (10) Spells: 5/5 levels left

rFire   . . .      SeeInvis .   a - +0 war axe
rCold   . . .      Faith    .   t - +2 buckler
rNeg    . . .      Spirit   .   (body armour currently unavailable)
rPois   +          Reflect  .   (helmet currently unavailable)
rElec   .          Harm     .   (cloak currently unavailable)
rCorr   .          Rampage  .   (gloves currently unavailable)
Will    .....      NoTele   +   (boots currently unavailable)
Stlth   +.........              (no amulet)
HPRegen 0.24/turn               (no ring)
MPRegen 0.09/turn               (no ring)

@: tree-form
A: stationary, stasis, torment immunity, boosted hp, (horns 2), (retaliatory
headbutt)
a: no special abilities


You were on level 4 of the Dungeon.
You were a tree.
You visited 2 branches of the dungeon, and saw 5 of its levels.

You collected 190 gold pieces.

Inventory:

Hand Weapons
 a - a +0 war axe (weapon)
Armour
 b - a +0 scale mail (melded)
 c - a +0 buckler
 p - a +0 pair of boots (melded)
 r - a +0 pair of gloves (melded)
 t - a +2 buckler (worn)
Jewellery
 l - a ring of magical power
Wands
 u - a wand of charming (1)
 v - a wand of light (9)
Scrolls
 e - a scroll of amnesia {unknown}
 f - 6 scrolls of identify {unknown}
 i - 2 scrolls of enchant weapon {unknown}
 j - a scroll of silence {unknown}
 k - 2 scrolls of immolation {unknown}
 m - 3 scrolls of teleportation {unknown}
 s - a scroll of fog {unknown}
 w - a scroll of vulnerability {unknown}
Potions
 d - a potion of might
 g - 2 potions of degeneration
 h - a potion of curing {unknown}
 n - a potion of flight {unknown}
 o - a potion of mutation {unknown}
 q - 2 potions of lignification


   Skills:
 + Level 5.2 Fighting
 + Level 4.4 Axes
 + Level 5.3 Armour
 + Level 5.3 Shields


You had 5 spell levels left.
You didn't know any spells.
Your spell library was empty.

Dungeon Overview and Level Annotations

Branches:
Dungeon (4/15)             Temple (1/1) D:4

Altars:
Ashenzari
Cheibriados
Elyvilon
Fedhas
Kikubaaqudgha
Nemelex Xobeh
Qazlal
Ru
Sif Muna
Vehumet
Wu Jian
Xom
Zin
The Shining One


Innate Abilities, Weirdness & Mutations

You are a tree.
Your roots penetrate the ground, keeping you stationary.
You cannot be teleported.
You are immune to unholy pain and torment.
Your maximum health is greatly increased.
Your equipment is partially melded.
((You have a pair of horns on your head.))
((You reflexively headbutt those who attack you in melee.))


Message History

The gnoll hits you but does no damage.
You barely miss the gnoll bouda.
The gnoll bouda is severely wounded.
The gnoll bouda barks out a call to the hunt!
The gnoll hits you but does no damage.
The gnoll bouda gazes fiercely through you!
You feel your attacks grow feeble. You block the gnoll bouda's attack.
You hit the gnoll bouda but do no damage.
The gnoll bouda is severely wounded.
You block the gnoll's attack.
The gnoll bouda hits you but does no damage.
Aiming: Bolt of Light
Press: ? - help, Shift-Dir - straight line, f - gnoll bouda
Aim: a gnoll bouda, wielding a +0 whip and wearing a +0 robe (severely wounded, 75% to hit)
Okay, then.
Aiming: Bolt of Light
Press: ? - help, Shift-Dir - straight line, f - gnoll bouda
Aim: a gnoll bouda, wielding a +0 whip and wearing a +0 robe (severely wounded, 75% to hit)
The bolt of light misses the gnoll bouda.
The bolt of light misses the gnoll.
The gnoll hits you but does no damage.
The gnoll bouda hits you but does no damage.
Aiming: Charm
Press: ? - help, Shift-Dir - straight line, f/p - gnoll bouda
Aim: a gnoll bouda, wielding a +0 whip and wearing a +0 robe (severely wounded, chance to affect: 49%)
The gnoll bouda is charmed.
Your attacks no longer feel as feeble.
The gnoll hits you but does no damage.
The gnoll closely misses your gnoll bouda.
You block the gnoll's attack.
The gnoll hits your gnoll bouda with a +0 whip.
The gnoll hits you but does no damage.
The gnoll hits your gnoll bouda with a +0 whip!
Your gnoll bouda dies!
Aiming: Charm
Press: ? - help, Shift-Dir - straight line, f - gnoll
Aim: a gnoll, wielding a +0 whip (covering ground quickly, chance to affect: 57%)
The gnoll is charmed.
The gnoll is no longer moving quickly.
The gnoll hits you from afar with a +0 halberd!
You die...

.# .#.## .... ##
...# #. ...# .# #
###. #..# ..###
#.. ##..##.##....
#.# ##..##...##...
#♣###g.##..#..##..
#)#...##..#.#..##.
#gg.### .#._.#. ##
###...##..#.#..##.
###..##..#..+#..
##..## ##..#
##..## ##....
##..###....#
##..#..#.##


You could see a gnoll and a friendly gnoll (charmed, swift).

Vanquished Creatures
  An ogre (D:4)
  A scorpion (D:3)
  Robin (D:2)
  3 gnolls
  6 adders
  A dart slug (D:1)
  6 orcs (D:3)
  5 endoplasms
  3 giant cockroaches
  13 goblins
  6 hobgoblins
  3 quokkas
  3 ball pythons
  A bat (D:3)
  4 frilled lizards
  8 kobolds
  7 rats
72 creatures vanquished.

Vanquished Creatures (others)
  A gnoll bouda (D:4)
1 creature vanquished.

Grand Total: 73 creatures vanquished

Notes
Turn   | Place    | Note
-------+----------+-------------------------------------------
     0 | D:1      | bjubeck the Minotaur Fighter began the quest for the Orb.
     0 | D:1      | Reached XP level 1. HP: 19/19 MP: 0/0
    35 | D:1      | You fall into a shaft and drop 1 floor!
    98 | D:2      | Reached XP level 2. HP: 27/27 MP: 1/1
   172 | D:2      | Noticed Robin
   192 | D:2      | Killed Robin
   193 | D:2      | Reached XP level 3. HP: 17/33 MP: 2/2
  1656 | D:2      | Reached XP level 4. HP: 40/40 MP: 3/3
  1702 | D:2      | Found a faded altar of an unknown god.
  1776 | D:2      | Found a blossoming altar of Fedhas.
  2207 | D:3      | Noticed a scorpion
  2213 | D:3      | Killed a scorpion
  2214 | D:3      | Reached XP level 5. HP: 42/47 MP: 4/4
  3010 | D:4      | Noticed an ogre
  3014 | D:4      | Killed an ogre
  3015 | D:4      | Reached skill level 5 in Fighting
  3015 | D:4      | Reached skill level 5 in Armour
  3015 | D:4      | Reached skill level 5 in Shields
  3015 | D:4      | Reached XP level 6. HP: 14/56 MP: 5/5
  3367 | D:4      | Found a staircase to the Ecumenical Temple.
  3405 | Temple   | Entered the Ecumenical Temple
  3646 | D:4      | Found a glowing golden altar of the Shining One.
  3683 | D:4      | Slain by a gnoll

Illustrated notes

Levels and vault maps discovered:
D:1:      dpeg_arrival_three_bigger_balls, layout_basic
D:2:      layout_basic, basic_altar, shapermc_ecumenical_altar_starsandcircs,
          uniq_robin
D:3:      layout_basic
D:4:      layout_rooms, tso_metal_star, dancing_weapons_uskayaw,
          minmay_temple_entry_large_hall, gammafunk_ghost_smash, serial_shops,
          nicolae_shop_statue_plus, grunt_decor_cap,
          minmay_fractal_squares_diagonal_5, uniq_blork_the_orc
Temple:   hellmonk_temple_flake

Skill      XL: |  1  2  3  4  5 |
---------------+----------------+-----
Armour         | 4 5 |  5.3
Fighting       | 4 5 |  5.2
Axes           | 3 4 |  4.4
Shields        | 4 5 |  5.3

Action                   |  1- 3 |  4- 6 || total
-------------------------+-------+-------++-------
Melee: War axe           |    73 |    79 ||   152
       Headbutt          |     8 |    14 ||    22
Evoke: Wand              |       |     3 ||     3
  Use: Potion            |       |     2 ||     2
Armor: Scale mail        |    34 |    27 ||    61
       Skin              |       |     8 ||     8
Dodge: Dodged            |    24 |    34 ||    58
Block: Buckler           |    18 |    25 ||    43
